 Dungeon Crawl Stone Soup version 0.22-a0-406-g9ff8d77 (webtiles) character file.

1060 iamserjio the Ruffian (level 8, 0/58 (61) HPs)
             Began as a Ghoul Necromancer on May 8, 2018.
             Was a Follower of Cheibriados.
             Slain by an orc warrior
             ... wielding a +0 trident
              (19 damage)
             ... on level 6 of the Dungeon.
             The game lasted 00:28:35 (10837 turns).

iamserjio the Ruffian (Ghoul Necromancer)          Turns: 10837, Time: 00:28:36

HP:   0/58 (61)     AC:  7    Str: 16    XL:     8   Next: 27%
MP:   10/10         EV: 10    Int: 12    God:    Cheibriados [*.....]
Gold: 344           SH:  7    Dex: 11    Spells: 5/11 levels left

rFire    . . .     SeeInvis .     - Unarmed
rCold    + . .     Gourm    .   r - +1 buckler
rNeg     + + +     Faith    .   l - +0 ring mail
rPois    ∞         Spirit   .   v - +2 hat
rElec    .         Reflect  +   (no cloak)
rCorr    +         Harm     .   (no gloves)
MR       .....                  (no boots)
Stlth    +.........             t - +2 amulet of reflection
HPRegen  0.00/turn              u - ring of resist corrosion
MPRegen  0.12/turn              (no ring)

@: rotting, very slow
A: rotting body, claws 1, carnivore, cold resistance 1, negative energy
resistance 3, inhibited regeneration, torment resistance, unbreathing
a: Bend Time, Renounce Religion


You were on level 6 of the Dungeon.
You worshipped Cheibriados.
Cheibriados was aware of your devotion.
You were not hungry.

You visited 2 branches of the dungeon, and saw 7 of its levels.

You collected 344 gold pieces.

Inventory:

Armour
 a - a +0 robe
 l - a +0 ring mail (worn)
 r - a +1 buckler (worn)
 v - a +2 hat (worn)
Magical Staves
 w - an uncursed staff of cold {unknown}
 x - an uncursed staff of earth {unknown}
Jewellery
 t - a +2 amulet of reflection (around neck)
 u - a ring of resist corrosion (left claw)
 y - an uncursed amulet of magic regeneration {unknown}
Scrolls
 d - 3 scrolls of teleportation
 e - 3 scrolls of blinking
 g - a scroll of immolation {unknown}
 j - 4 scrolls of magic mapping
 m - a scroll of remove curse
 o - a scroll of amnesia {unknown}
Potions
 b - a potion of invisibility
 h - a potion of magic {unknown}
 i - a potion of haste {unknown}
 k - a potion of resistance {unknown}
 p - a potion of curing {unknown}
 q - a potion of berserk rage {unknown}
 s - a potion of flight {unknown}
Comestibles
 c - 11 rations


   Skills:
 + Level 2.1 Fighting
 - Level 1.7 Dodging
 - Level 2.1 Stealth
 + Level 2.6 Shields
 * Level 7.3 Unarmed Combat
 - Level 2.1 Spellcasting
 + Level 6.3 Necromancy


You had 5 spell levels left.
You knew the following spells:

 Your Spells              Type           Power        Failure   Level  Hunger
a - Pain                  Necr           ###.         4%          1    ##.....
b - Vampiric Draining     Necr           ###.......   14%         3    ####...
c - Animate Skeleton      Necr           N/A          4%          1    ##.....
d - Confusing Touch       Hex            #.....       52%         1    ##.....


Dungeon Overview and Level Annotations

Branches:
Dungeon (6/15)             Temple (1/1) D:4

Altars:
Cheibriados
Dithmenos
Elyvilon
Fedhas
Gozag
Hepliaklqana
Nemelex Xobeh
Qazlal
Ru
Trog
Wu Jian
Xom
Yredelemnul

Annotations:
D:5 Borgoz's ghost, novice GrAK
D:6 zero's ghost, novice GrFE


Innate Abilities, Weirdness & Mutations

Your body is rotting away.
You thrive on raw meat.
You are immune to poison.
You have sharp fingernails.
You are carnivorous and can eat meat at any time.
Your flesh is cold resistant. (rC+)
You are immune to negative energy. (rN+++)
You do not regenerate when monsters are visible.
You are immune to unholy pain and torment.
You can survive without breathing.


Message History

You block the orc warrior's attack.
The orc shouts!
You scratch the orc warrior but do no damage.
The orc warrior is lightly wounded.
You block the orc warrior's attack.
You scratch the orc warrior but do no damage.
The orc warrior is lightly wounded.
You scratch the orc warrior.
The orc warrior is moderately wounded.
The orc warrior hits you with a trident!
You closely miss the orc warrior.
The orc warrior is moderately wounded.
The orc warrior hits you with a trident!
You claw the orc warrior!
The orc warrior is heavily wounded.
The orc warrior hits you with a trident!
You scratch the orc warrior but do no damage.
The orc warrior is heavily wounded.
The orc warrior hits you with a trident!!
You die...

.######## ........#
........#### ##
.......olo.# #.
...o....##@########## #.
.....#####.[.......)# #.
.... #..............# #.
....................######.
.. ........#............##.
. ........#.........#....(
........#........[###...
........#.#####.#.....##
........#.# #..#####..


You could see an orc warrior, an orc and a leopard gecko.

Vanquished Creatures
  2 ogres
  A sky beast (D:5)
  A bullfrog (D:4)
  2 crimson imps (D:5)
  2 centaur zombies
  A bullfrog skeleton (D:4)
  5 orc priests
  A centaur skeleton (D:4)
  An iguana (D:4)
  4 orc wizards
  2 worker ants
  A hound skeleton (D:4)
  A worker ant zombie (D:6)
  6 adders
  A shadow imp (D:5)
  An adder zombie (D:6)
  3 worms (D:2)
  A dart slug (D:1)
  2 leopard geckos
  15 orcs
  8 giant cockroaches
  19 goblins
  12 hobgoblins
  17 jackals
  5 kobolds
  A quokka (D:2)
  6 bats
  2 frilled lizards
  A quokka zombie (D:5)
  5 rats
  A spectral orc (D:3)
130 creatures vanquished.

Notes
Turn   | Place    | Note
-------+----------+-------------------------------------------
     0 | D:1      | iamserjio the Ghoul Necromancer began the quest for the Orb.
     0 | D:1      | Reached XP level 1. HP: 14/14 MP: 2/2
   294 | D:1      | Reached skill level 1 in Unarmed Combat
   294 | D:1      | Reached XP level 2. HP: 16/20 MP: 1/3
   990 | D:1      | Reached XP level 3. HP: 20/26 MP: 0/5
  1235 | D:1      | Reached skill level 2 in Unarmed Combat
  1685 | D:2      | Reached XP level 4. HP: 25/32 MP: 0/6
  2396 | D:2      | Reached skill level 3 in Unarmed Combat
  2605 | D:2      | Learned a level 3 spell: Vampiric Draining
  2607 | D:2      | Learned a level 1 spell: Animate Skeleton
  3252 | D:3      | Found a basalt altar of Yredelemnul.
  3343 | D:3      | Reached XP level 5. HP: 37/38 MP: 4/7
  3713 | D:3      | Reached skill level 4 in Unarmed Combat
  4299 | D:3      | Reached skill level 5 in Necromancy
  4806 | D:4      | Reached XP level 6. HP: 41/45 MP: 3/8
  4876 | D:4      | Reached skill level 5 in Unarmed Combat
  5626 | D:4      | Learned a level 1 spell: Confusing Touch
  5631 | D:4      | Found a staircase to the Ecumenical Temple.
  5640 | Temple   | Entered the Ecumenical Temple
  5696 | Temple   | Became a worshipper of Cheibriados the Contemplative
  6114 | D:4      | Reached skill level 1 in Shields
  6114 | D:4      | Reached XP level 7. HP: 50/50 MP: 9/9
  6137 | D:4      | Reached skill level 6 in Unarmed Combat
  6750 | D:5      | Entered Level 5 of the Dungeon
  6876 | D:5      | Noticed Borgoz's ghost (novice GrAK)
  8467 | D:5      | Reached skill level 1 in Fighting
  8691 | D:5      | Reached * piety under Cheibriados
  8979 | D:6      | Noticed zero's ghost (novice GrFE)
  9374 | D:5      | Reached skill level 7 in Unarmed Combat
  9374 | D:5      | Reached XP level 8. HP: 39/54 MP: 10/10
 10080 | D:6      | Found an ornate altar of the Wu Jian Council.
 10837 | D:6      | Slain by an orc warrior

Vault maps used:
D:1:      lightli_arrival_statue_moat, minmay_misc_feat_iff
D:2:      kennysheep_the_goblin_king, minmay_pentomino_z4
D:3:      yredelemnul_forgotten_temple_becter, minmay_close_crescents
D:4:      minmay_temple_entry_junction_2, first_ration
D:5:      marbit_many_paths, kennysheep_generic_room_15
D:6:      nicolae_overflow_hidden_temple
Temple:   eino_temple_scatter_basement

Skill      XL: |  1  2  3  4  5  6  7  8 |
---------------+-------------------------+-----
Unarmed Combat | 1 2 3 4 5 7 |  7.3
Spellcasting   | 2 |  2.1
Necromancy     | 5 6 |  6.3
Shields        | 1 2 |  2.6
Fighting       | 1 2 |  2.1
Dodging        | |  1.7
Stealth        | |  2.1

Action                   |  1- 3 |  4- 6 |  7- 9 || total
-------------------------+-------+-------+-------++-------
Melee: Unarmed           |    71 |   118 |   226 ||   415
       Punch             |       |     2 |       ||     2
 Cast: Pain              |    49 |   136 |     9 ||   194
       Vampiric Draining |       |     2 |       ||     2
Invok: Bend Time         |       |       |     1 ||     1
  Use: Scroll            |       |     7 |     6 ||    13
  Eat: Chunk             |     5 |    15 |    15 ||    35
       Ration            |       |     1 |     2 ||     3
Armor: Robe              |    17 |    31 |    13 ||    61
       Ring mail         |       |       |    38 ||    38
Dodge: Dodged            |    49 |   106 |    73 ||   228
Block: Buckler           |       |     6 |    42 ||    48

Table legend:
 A = Spawn XP
 B = Non-spawn XP
 C = Spawn XP percentage of total XP
 D = Spawn monster count
 E = Non-spawn monster count
 F = Spawn count percentage of total count
 G = Total turns spent on level
                    A         B        C        D         E        F      G
               +---------+---------+-------+---------+---------+-------+---------
         Total |       0 |    1515 |   0.0 |       0 |     130 |   0.0 | 10837
               +---------+---------+-------+---------+---------+-------+---------
           D:1 |       0 |      40 |   0.0 |       0 |      21 |   0.0 |  1449
           D:2 |       0 |     101 |   0.0 |       0 |      31 |   0.0 |  1988
           D:3 |       0 |     174 |   0.0 |       0 |      42 |   0.0 |  1305
           D:4 |       0 |     453 |   0.0 |       0 |      13 |   0.0 |  2697
           D:5 |       0 |     398 |   0.0 |       0 |      13 |   0.0 |  2611
           D:6 |       0 |     305 |   0.0 |       0 |       8 |   0.0 |   471
        Temple |       0 |      44 |   0.0 |       0 |       2 |   0.0 |   316
               +---------+---------+-------+---------+---------+-------+---------
